Map: Dusk Towers

Players

McRiggins

  • Race: Zerg Zerg
  • League: Master

Miszu - Winner!

  • Race: Terran Terran
  • League: Master

VOD

Have the link to the VOD?

Description

Time

  • Played on: March 10, 2016, 5:45 p.m.
  • Length: 10:37
Show
View Real Time Build Order
Export as new Build Order

McRiggins Zerg 

Build Orders: Hatch First, Muta Ling Bane 

Get SALT Encoding   

  12  0:01  Drone  
  13  0:14  Overlord  
  13  0:19  Drone  
  14  0:32  Drone x2  
  16  0:36  Drone  
  17  0:55  Drone  
  18  0:58  Hatchery  
  18  1:02  Drone  
  18  1:09  Extractor  
  17  1:16  Spawning Pool  
  17  1:17  Drone  
  17  1:20  Drone  
  18  1:31  Drone  
  19  1:42  Overlord  
  19  2:02  Queen  
  19  2:03  Zergling x4  
  23  2:09  Queen  
  23  2:11  Drone  
  23  2:12  Metabolic Boost  
  23  2:14  Drone  
  27  2:23  Drone  
  27  2:27  Drone  
  29  2:34  Drone x2  
  30  2:51  Drone x2  
  30  2:53  Queen, Lair  
  33  2:59  Overlord, Drone  
  34  3:09  Drone x2  
  36  3:19  Drone x2  
  38  3:23  Drone x6  
  44  3:29  Extractor  
  44  3:30  Overlord  
  44  3:31  Extractor  
  42  3:41  Drone x2  
  44  3:43  Extractor  
  44  3:46  Drone  
  44  3:51  Drone  
  44  3:53  Drone x3  
  44  3:54  Drone  
  49  4:01  Spire  
  48  4:04  Drone x4  
  48  4:09  Spore Crawler  
  51  4:16  Overlord  
  51  4:23  Overlord  
  51  4:35  Overlord  
  51  4:36  Overlord  
  51  4:38  Drone x2  
  53  4:40  Hatchery  
  52  4:50  Roach Warren  
  51  4:54  Drone x2  
  51  4:57  Evolution Chamber  
  52  5:13  Mutalisk  
  52  5:14  Mutalisk x6  
  66  5:29  Zerg Missile Weapons Level 1, Glial Reconstitution  
  66  5:41  Drone x10  
  66  5:42  Drone  
  76  5:54  Drone x3  
  79  6:03  Drone x2  
  79  6:04  Drone  
  82  6:08  Overlord x3  
  82  6:20  Overlord  
  82  6:21  Overlord x2  
  82  6:31  Queen  
  82  6:37  Zerg Flyer Weapons Level 1, Mutalisk  
  82  6:38  Mutalisk x4  
  92  6:45  Drone  
  92  6:46  Extractor, Drone x2  
  92  6:47  Extractor  
  93  6:48  Drone x3, Hatchery  
  95  6:54  Evolution Chamber  
  95  6:58  Baneling Nest  
  95  7:00  Overlord  
  93  7:03  Drone x2  
  93  7:06  Roach x2  
  93  7:07  Roach x4  
  107  7:11  Queen  
  109  7:23  Overlord x3  
  109  7:26  Zerg Melee Weapons Level 1, Zerg Ground Armor Level 1  
  109  7:37  Mutalisk  
  109  7:38  Mutalisk x4  
  119  7:50  Drone  
  119  7:51  Drone x8  
  128  7:58  Centrifical Hooks, Baneling x2  
  128  8:01  Drone x6  
  134  8:09  Pneumatized Carapace  
  134  8:17  Zergling x2  
  134  8:18  Zergling x10  
  140  8:25  Overlord x3  
  140  8:27  Infestation Pit  
  140  8:28  Drone  
  140  8:31  Extractor, Hatchery  
  140  8:32  Extractor, Drone x3  
  140  8:33  Drone x3  
  143  8:34  Zergling x6  
  143  8:35  Zergling x2  
  147  8:57  Zergling x20  
  147  8:58  Zergling x10  
  147  9:01  Baneling x4  
  147  9:02  Baneling x13  
  162  9:05  Ravager x5  
  162  9:06  Ravager  
  162  9:07  Zergling x2  
  162  9:08  Zergling x6  
  172  9:14  Hive  
  172  9:16  Extractor  
  171  9:18  Hatchery  
  171  9:22  Extractor  
  169  9:26  Zergling x2  
  169  9:27  Roach  
  169  9:28  Roach x7  
  186  9:40  Overlord x3  
  182  9:57  Zergling x20  
  140  10:01  Zergling x12  
  140  10:02  Zergling x4  
  148  10:07  Baneling  
  148  10:08  Baneling  
Show
View Real Time Build Order
Export as new Build Order

Miszu Terran - Winner!

Build Orders: Liberator Opening, Reaper Expand, MMM Bio 

Get SALT Encoding   

  12  0:00  SCV  
  13  0:12  SCV  
  14  0:17  Supply Depot  
  14  0:25  SCV  
  15  0:39  SCV  
  15  0:40  Barracks  
  16  0:44  Refinery  
  16  0:51  SCV  
  17  1:03  SCV  
  18  1:17  SCV  
  19  1:29  Orbital Command  
  19  1:30  Reaper  
  20  1:40  Command Center  
  20  1:51  Supply Depot  
  20  1:54  SCV  
  21  2:06  SCV  
  21  2:08  Barracks Reactor  
  22  2:16  Refinery  
  22  2:19  SCV  
  23  2:23  Factory  
  23  2:31  SCV  
  24  2:47  Marine x2  
  24  2:48  SCV  
  26  2:52  Orbital Command  
  26  3:00  SCV  
  26  3:05  Marine x2  
  29  3:12  SCV  
  29  3:19  Starport, Factory Tech Lab  
  30  3:20  SCV  
  30  3:25  SCV  
  32  3:27  Command Center  
  32  3:32  SCV  
  33  3:36  Marine x2  
  33  3:37  SCV  
  39  3:41  Siege Tank  
  39  3:44  SCV  
  39  3:46  Supply Depot  
  40  3:49  SCV  
  40  3:51  Liberator  
  40  3:53  Marine  
  40  3:54  Marine  
  43  3:56  SCV  
  46  4:04  SCV  
  46  4:09  SCV  
  49  4:13  Barracks x2  
  49  4:16  SCV  
  50  4:18  Supply Depot  
  50  4:21  SCV  
  50  4:24  Refinery  
  51  4:25  Refinery  
  51  4:28  SCV  
  52  4:33  Liberator  
  52  4:35  SCV  
  53  4:39  Orbital Command  
  53  4:40  SCV  
  54  4:48  Engineering Bay x2, SCV  
  58  4:53  SCV  
  59  5:00  SCV  
  59  5:02  Barracks Tech Lab  
  59  5:03  Barracks Tech Lab  
  59  5:05  SCV  
  59  5:07  Siege Tank  
  64  5:08  Orbital Command  
  64  5:12  SCV  
  65  5:15  Terran Infantry Weapons Level 1  
  65  5:16  Supply Depot  
  65  5:17  SCV  
  65  5:18  Terran Infantry Armor Level 1  
  66  5:21  Stimpack  
  66  5:22  Marine x2  
  66  5:24  SCV  
  69  5:29  SCV  
  69  5:31  Marine  
  69  5:32  Marine  
  72  5:37  SCV  
  72  5:38  SCV  
  72  5:41  SCV  
  72  5:42  Marine x2  
  76  5:45  Missile Turret  
  76  5:47  Missile Turret  
  74  5:50  Starport Reactor, Siege Tank  
  74  5:55  Barracks  
  74  5:56  Barracks, SCV x2  
  79  6:03  Missile Turret  
  79  6:04  SCV  
  79  6:05  Marine x3  
  79  6:06  Marine  
  79  6:08  SCV  
  85  6:14  Supply Depot  
  85  6:16  SCV x2  
  84  6:20  SCV  
  84  6:23  Marine  
  86  6:26  Marine x2  
  86  6:28  Medivac x2, SCV, Armory  
  93  6:35  Supply Depot  
  93  6:36  SCV x2  
  93  6:37  Supply Depot  
  95  6:42  Barracks Reactor  
  95  6:43  Barracks Reactor  
  95  6:44  SCV  
  95  6:47  Supply Depot  
  96  6:51  Supply Depot  
  96  6:52  Combat Shields  
  96  6:53  Marine  
  97  6:56  Marine x2  
  97  6:57  Marine  
  97  6:58  Medivac x2  
  97  6:59  SCV  
  97  7:00  SCV  
  106  7:03  Supply Depot, SCV  
  107  7:11  Marine  
  107  7:13  Marine  
  107  7:14  Marine  
  107  7:15  Marine, Terran Infantry Weapons Level 2  
  111  7:16  Terran Infantry Armor Level 2  
  111  7:20  Terran Vehicle Weapons Level 1  
  111  7:21  SCV  
  114  7:26  Supply Depot  
  114  7:27  Supply Depot, Refinery  
  114  7:28  Refinery  
  112  7:30  Marine  
  112  7:32  Supply Depot  
  111  7:39  Marine  
  111  7:40  Marine x2  
  111  7:41  Marine x2, Thor  
  111  7:43  Marauder  
  126  7:44  Marauder  
  126  7:52  Missile Turret x2  
  126  7:53  Marine  
  126  7:54  Missile Turret  
  126  7:57  SCV  
  128  7:59  Refinery  
  128  8:00  Marine  
  128  8:01  Medivac  
  128  8:05  Marauder  
  135  8:06  Marauder  
  135  8:08  Supply Depot, Medivac  
  137  8:14  Marine  
  137  8:15  Marine x4  
  137  8:17  Marine  
  137  8:18  Missile Turret  
  143  8:20  Supply Depot  
  143  8:23  Missile Turret  
  143  8:26  Marine x2  
  145  8:31  Thor  
  145  8:32  Marine x2  
  145  8:33  Medivac  
  155  8:39  Marine x4  
  159  8:44  Marine, Marauder  
  159  8:47  Command Center  
  162  8:50  Marine  
  162  8:51  Supply Depot  
  162  8:53  Supply Depot  
  163  8:58  Marine x3  
  168  9:03  Marauder  
  168  9:07  Marine x2, Marauder  
  168  9:08  Marine  
  173  9:15  Marine  
  173  9:16  Marine x2  
  176  9:23  Marine  
  177  9:25  Marine x2, Thor  
  177  9:26  Marine  
  186  9:36  Marine x2, Marauder  
  187  9:40  Marine  
  187  9:42  Marauder  
  187  9:43  Marine x2, Medivac  
  187  9:44  Marine, Medivac  
  197  9:53  Marine  
  197  9:54  Marine  
  197  9:57  Marine  
  197  9:58  Marine  
  173  10:00  Marine  
  173  10:01  Supply Depot  
  173  10:02  Marine  
  173  10:03  Marauder  
  173  10:05  Marine  
  178  10:10  Barracks x2  
  178  10:11  Marine, Barracks  
  178  10:12  Marine  
  180  10:15  Marauder  
Tags
 
Add a new tag
Caveats
  • Supply blocks, unpowered buildings, or Contaminate may cause inaccurate times.
  • Supply counts are checked every 10 seconds.